| TOP OF THE 1ST |
|
Los Angeles (NYP) Angels batting - Pitching for Vermont Lake Monsters : LHP Darby Jones
|
|
Pitching: LHP Darby Jones
|
|
|
Batting: RHB Steve Hasson
|
0-0: Ball 1-0: Ball 2-0: Called Strike 2-1: Called Strike 2-2: Ball 3-2: Fly out, F9 (Flyball, 9, EV 90.6 MPH)
|
|
Batting: RHB Tsega Haida
|
0-0: Ball 1-0: Ball 2-0: Ball 3-0: Base on Balls
|
|
Batting: RHB Randy Grewe
|
0-0: Ball 1-0: Foul Ball, location: 2F 1-1: Foul Ball, location: 2F 1-2: Strikes out swinging
|
|
Batting: SHB Conor Davies
|
0-0: Ball Tsega Haida steals 2nd base 1-0: Foul Ball, location: 2F 1-1: Called Strike 1-2: Foul Ball, location: 2F 1-2: Ball 2-2: Foul Ball, location: 2F 2-2: Foul Ball, location: 2F 2-2: Strikes out looking
|
| Top of the 1st over - 0 runs, 0 hits, 0 errors, 1 left on base; Los Angeles (NYP) 0 - Vermont 0 |
| BOTTOM OF THE 1ST |
|
Vermont Lake Monsters batting - Pitching for Los Angeles (NYP) Angels : RHP Nick Madrid
|
|
Pitching: RHP Nick Madrid
|
|
|
Batting: RHB Ricardo Mariscal
|
0-0: Ground out 6-3 (Groundball, 6, EV 103.1 MPH)
|
|
Batting: RHB Carlos Martinez
|
0-0: Called Strike 0-1: Ball 1-1: Ground out 4-3 (Groundball, 4M, EV 102.5 MPH)
|
|
Batting: LHB Henry Hutson
|
0-0: Ball 1-0: SOLO HOME RUN (Flyball, 9LD, EV 91.2 MPH), Distance : 332 ft
|
|
Batting: LHB Cy Ostrowski
|
0-0: Foul Ball, location: 2F 0-1: Ball 1-1: Swinging Strike 1-2: Ball 2-2: Strikes out swinging
|
| Bottom of the 1st over - 1 run, 1 hit, 0 errors, 0 left on base; Los Angeles (NYP) 0 - Vermont 1 |
| TOP OF THE 2ND |
|
Los Angeles (NYP) Angels batting - Pitching for Vermont Lake Monsters : LHP Darby Jones
|
|
Batting: RHB Steve Hughey
|
0-0: Called Strike 0-1: Ball 1-1: Foul Ball, location: 2F 1-2: Ball 2-2: Strikes out looking
|
|
Batting: RHB Jason Habeck
|
0-0: Foul Ball, location: 2F 0-1: Foul Ball, location: 2F 0-2: Foul Ball, location: 2F 0-2: Ball 1-2: Foul Ball, location: 2F 1-2: Foul Ball, location: 2F 1-2: Strikes out looking
|
|
Batting: RHB David Kunze
|
0-0: Ball 1-0: Foul Ball, location: 2F 1-1: Ground out 1-3 (Groundball, 13S, EV 74.4 MPH)
|
| Top of the 2nd over - 0 runs, 0 hits, 0 errors, 0 left on base; Los Angeles (NYP) 0 - Vermont 1 |
| BOTTOM OF THE 2ND |
|
Vermont Lake Monsters batting - Pitching for Los Angeles (NYP) Angels : RHP Nick Madrid
|
|
Batting: LHB Jose Zamarripa
|
0-0: Foul Ball, location: 2F 0-1: Ball 1-1: Called Strike 1-2: Ball 2-2: Ball 3-2: Strikes out swinging
|
|
Batting: LHB Youp van Erp
|
0-0: Called Strike 0-1: Ball 1-1: Ball 2-1: Swinging Strike 2-2: Foul Ball, location: 2F 2-2: Foul Ball, location: 2F 2-2: Strikes out looking
|
|
Batting: LHB Mario Cardona
|
0-0: Called Strike 0-1: Foul Ball, location: 2F 0-2: Foul Ball, location: 2F 0-2: Ball 1-2: Ball 2-2: Strikes out swinging
|
| Bottom of the 2nd over - 0 runs, 0 hits, 0 errors, 0 left on base; Los Angeles (NYP) 0 - Vermont 1 |
| TOP OF THE 3RD |
|
Los Angeles (NYP) Angels batting - Pitching for Vermont Lake Monsters : LHP Darby Jones
|
|
Batting: RHB Zach Robbins
|
0-0: Called Strike 0-1: Ball 1-1: Foul Ball, location: 2F 1-2: Strikes out looking
|
|
Batting: RHB Mario Velazquez
|
0-0: Called Strike 0-1: Foul Ball, location: 2F 0-2: Ball 1-2: Foul Ball, location: 2F 1-2: Strikes out swinging
|
|
Batting: RHB Steve Hasson
|
0-0: Called Strike 0-1: Called Strike 0-2: Foul Ball, location: 2F 0-2: Ball 1-2: Strikes out swinging
|
| Top of the 3rd over - 0 runs, 0 hits, 0 errors, 0 left on base; Los Angeles (NYP) 0 - Vermont 1 |
| BOTTOM OF THE 3RD |
|
Vermont Lake Monsters batting - Pitching for Los Angeles (NYP) Angels : RHP Nick Madrid
|
|
Batting: RHB Yasuzo Rin
|
0-0: Called Strike 0-1: Ball 1-1: Swinging Strike 1-2: Ball 2-2: Foul Ball, location: 2F 2-2: Foul Ball, location: 2F 2-2: Foul Ball, location: 2F 2-2: Strikes out looking
|
|
Batting: RHB Liangde Tseng
|
0-0: Called Strike 0-1: Ground out 5-3 (Groundball, 5L, EV 88.1 MPH)
|
|
Batting: RHB Ricardo Mariscal
|
0-0: Called Strike 0-1: Foul Ball, location: 2F 0-2: Ball 1-2: Fly out, F7 (Flyball, 7S, EV 83.8 MPH)
|
| Bottom of the 3rd over - 0 runs, 0 hits, 0 errors, 0 left on base; Los Angeles (NYP) 0 - Vermont 1 |
| TOP OF THE 4TH |
|
Los Angeles (NYP) Angels batting - Pitching for Vermont Lake Monsters : LHP Darby Jones
|
|
Batting: RHB Tsega Haida
|
0-0: Foul Ball, location: 2F 0-1: Fly out, F7 (Flyball, 78M, EV 91.2 MPH)
|
|
Pitching: RHP Aaron Garard
|
|
|
Batting: RHB Randy Grewe
|
0-0: Ball 1-0: Ball 2-0: SINGLE (Groundball, 6D, EV 97.5 MPH)
|
|
Batting: SHB Conor Davies
|
0-0: Ball 1-0: Called Strike 1-1: Called Strike 1-2: Ball 2-2: Ball Pickoff Throw by Catcher to First - Error! E2 Randy Grewe to second 3-2: Strikes out swinging
|
|
Batting: RHB Steve Hughey
|
0-0: Ball 1-0: Ball 2-0: Foul Ball, location: 2F 2-1: Foul Ball, location: 2F 2-2: Strikes out swinging
|
| Top of the 4th over - 0 runs, 1 hit, 1 error, 1 left on base; Los Angeles (NYP) 0 - Vermont 1 |
| BOTTOM OF THE 4TH |
|
Vermont Lake Monsters batting - Pitching for Los Angeles (NYP) Angels : RHP Nick Madrid
|
|
Batting: RHB Carlos Martinez
|
0-0: Foul Ball, location: 2F 0-1: Hit by Pitch
|
|
Batting: LHB Henry Hutson
|
0-0: Ball 1-0: Swinging Strike 1-1: Ball Carlos Martinez steals 2nd base Balk! Carlos Martinez to third 2-1: Foul Ball, location: 2F 2-2: Strikes out swinging
|
|
Batting: LHB Cy Ostrowski
|
0-0: Ball 1-0: Called Strike 1-1: Ball 2-1: Swinging Strike 2-2: Ball 3-2: Base on Balls
|
|
Batting: LHB Jose Zamarripa
|
0-0: Ball 1-0: Ball 2-0: Called Strike 2-1: Ball 3-1: Foul Ball, location: 2F 3-2: Base on Balls Cy Ostrowski to second
|
|
Batting: LHB Youp van Erp
|
0-0: Ball 1-0: TRIPLE (Line Drive, 89XD, EV 105.6 MPH) Carlos Martinez scores Cy Ostrowski scores Jose Zamarripa scores
|
|
Batting: LHB Mario Cardona
|
0-0: Called Strike 0-1: Ground out 6-3 (Groundball, 6S, EV 78.1 MPH) Youp van Erp scores
|
|
Batting: RHB Yasuzo Rin
|
0-0: Swinging Strike 0-1: Ball 1-1: Foul Ball, location: 2F 1-2: Ball 2-2: Foul Ball, location: 2F 2-2: Foul Ball, location: 2F 2-2: Ground out 4-3 (Groundball, 4S, EV 85.0 MPH)
|
| Bottom of the 4th over - 4 runs, 1 hit, 0 errors, 0 left on base; Los Angeles (NYP) 0 - Vermont 5 |
| TOP OF THE 5TH |
|
Los Angeles (NYP) Angels batting - Pitching for Vermont Lake Monsters : RHP Aaron Garard
|
|
Batting: RHB Jason Habeck
|
0-0: Called Strike 0-1: Called Strike 0-2: Strikes out swinging passed ball, reaches first!
|
|
Batting: RHB David Kunze
|
0-0: Ball 1-0: Fielders Choice at 2nd, 3-6 (Groundball, 34S, EV 80.6 MPH)
|
|
Batting: RHB Zach Robbins
|
0-0: Called Strike David Kunze steals 2nd base 0-1: Ball 1-1: Ball 2-1: Swinging Strike 2-2: Ball 3-2: Strikes out swinging
|
|
Batting: RHB Mario Velazquez
|
0-0: Ball Wild Pitch! David Kunze to third 1-0: Called Strike 1-1: Foul Ball, location: 2F 1-2: Foul Ball, location: 2F 1-2: Foul Ball, location: 2F 1-2: Ball Wild Pitch! David Kunze scores 2-2: Ground out 1-3 (Groundball, 13S, EV 58.1 MPH)
|
| Top of the 5th over - 1 run, 0 hits, 0 errors, 0 left on base; Los Angeles (NYP) 1 - Vermont 5 |
| BOTTOM OF THE 5TH |
|
Vermont Lake Monsters batting - Pitching for Los Angeles (NYP) Angels : RHP Nick Madrid
|
|
Batting: RHB Liangde Tseng
|
0-0: SINGLE (Line Drive, 9S, EV 99.4 MPH)
|
|
Batting: RHB Ricardo Mariscal
|
0-0: Called Strike 0-1: Foul Ball, location: 2F 0-2: Ball 1-2: Foul Ball, location: 2F 1-2: Ball 2-2: Fly out, F9 (Line Drive, 9, EV 110.0 MPH)
|
|
Batting: RHB Carlos Martinez
|
0-0: Called Strike 0-1: Ball 1-1: Ball 2-1: Foul Ball, location: 2F 2-2: Foul Ball, location: 2F 2-2: Strikes out swinging
|
|
Pitching: RHP Kevin Greene
|
|
|
Batting: LHB Henry Hutson
|
0-0: Ball 1-0: Ball 2-0: Ball 3-0: Base on Balls Liangde Tseng to second
|
|
Batting: LHB Cy Ostrowski
|
0-0: Called Strike 0-1: Ball 1-1: Fly out, F8 (Flyball, 89D, EV 103.8 MPH)
|
| Bottom of the 5th over - 0 runs, 1 hit, 0 errors, 2 left on base; Los Angeles (NYP) 1 - Vermont 5 |
| TOP OF THE 6TH |
|
Los Angeles (NYP) Angels batting - Pitching for Vermont Lake Monsters : RHP Aaron Garard
|
|
Batting: RHB Steve Hasson
|
0-0: Swinging Strike 0-1: Ball 1-1: Ball 2-1: Swinging Strike 2-2: Foul Ball, location: 2F 2-2: Strikes out looking
|
|
Batting: RHB Tsega Haida
|
0-0: Foul Ball, location: 2F 0-1: Ball 1-1: Called Strike 1-2: Strikes out swinging
|
|
Batting: RHB Randy Grewe
|
0-0: Called Strike 0-1: Swinging Strike 0-2: Ball 1-2: Strikes out swinging, 2-3 out at first.
|
| Top of the 6th over - 0 runs, 0 hits, 0 errors, 0 left on base; Los Angeles (NYP) 1 - Vermont 5 |
| BOTTOM OF THE 6TH |
|
Vermont Lake Monsters batting - Pitching for Los Angeles (NYP) Angels : RHP Kevin Greene
|
|
Batting: LHB Jose Zamarripa
|
0-0: Called Strike 0-1: Swinging Strike 0-2: Ball 1-2: Ball 2-2: Strikes out swinging
|
|
Batting: LHB Youp van Erp
|
0-0: Ground out 6-3 (Groundball, 6, EV 105.6 MPH)
|
|
Batting: LHB Mario Cardona
|
0-0: Ball 1-0: Called Strike 1-1: Ground out 6-3 (Groundball, 6M, EV 86.2 MPH)
|
| Bottom of the 6th over - 0 runs, 0 hits, 0 errors, 0 left on base; Los Angeles (NYP) 1 - Vermont 5 |
| TOP OF THE 7TH |
|
Los Angeles (NYP) Angels batting - Pitching for Vermont Lake Monsters : RHP Aaron Garard
|
|
Pitching: RHP Luis Restrepo
|
|
|
Batting: SHB Conor Davies
|
0-0: Ball 1-0: Swinging Strike 1-1: Fly out, F9 (Line Drive, 9D, EV 89.4 MPH)
|
|
Batting: RHB Steve Hughey
|
0-0: SINGLE (Flyball, 7S, EV 88.8 MPH)
|
|
Batting: RHB Jason Habeck
|
0-0: Ball 1-0: Swinging Strike 1-1: Ball 2-1: Foul Ball, location: 2F 2-2: Foul Ball, location: 2F 2-2: Grounds into double play, 5-4-3 (Groundball, 56, EV 84.4 MPH)
|
| Top of the 7th over - 0 runs, 1 hit, 0 errors, 0 left on base; Los Angeles (NYP) 1 - Vermont 5 |
| BOTTOM OF THE 7TH |
|
Vermont Lake Monsters batting - Pitching for Los Angeles (NYP) Angels : RHP Kevin Greene
|
|
Batting: RHB Yasuzo Rin
|
0-0: Called Strike 0-1: Ball 1-1: Ball 2-1: Foul Ball, location: 2F 2-2: Strikes out swinging
|
|
Batting: RHB Liangde Tseng
|
0-0: Ball 1-0: Ball 2-0: Ground out 4-3 (Groundball, 4, EV 90.6 MPH)
|
|
Batting: RHB Ricardo Mariscal
|
0-0: Ball 1-0: Swinging Strike 1-1: Called Strike 1-2: Fly out, F8 (Flyball, 8RXD, EV 106.2 MPH)
|
| Bottom of the 7th over - 0 runs, 0 hits, 0 errors, 0 left on base; Los Angeles (NYP) 1 - Vermont 5 |
| TOP OF THE 8TH |
|
Los Angeles (NYP) Angels batting - Pitching for Vermont Lake Monsters : RHP Luis Restrepo
|
|
Batting: RHB David Kunze
|
0-0: Ball 1-0: Swinging Strike 1-1: Swinging Strike 1-2: Strikes out swinging
|
|
Batting: RHB Zach Robbins
|
0-0: Called Strike 0-1: Swinging Strike 0-2: Strikes out swinging
|
|
Batting: RHB Mario Velazquez
|
0-0: Called Strike 0-1: Foul Ball, location: 2F 0-2: Strikes out swinging, 2-3 out at first.
|
| Top of the 8th over - 0 runs, 0 hits, 0 errors, 0 left on base; Los Angeles (NYP) 1 - Vermont 5 |
| BOTTOM OF THE 8TH |
|
Vermont Lake Monsters batting - Pitching for Los Angeles (NYP) Angels : RHP Kevin Greene
|
|
Pitching: LHP Alex Pulido
|
|
|
Batting: RHB Carlos Martinez
|
0-0: Ball 1-0: Foul Ball, location: 2F 1-1: Hit by Pitch
|
|
Batting: LHB Henry Hutson
|
0-0: Ball Carlos Martinez is caught stealing 2nd base 2-6 1-0: Called Strike 1-1: Called Strike 1-2: Strikes out swinging
|
|
Batting: LHB Cy Ostrowski
|
0-0: Called Strike 0-1: Called Strike 0-2: Ball 1-2: Foul Ball, location: 2F 1-2: Foul Ball, location: 2F 1-2: Strikes out swinging
|
| Bottom of the 8th over - 0 runs, 0 hits, 0 errors, 0 left on base; Los Angeles (NYP) 1 - Vermont 5 |
| TOP OF THE 9TH |
|
Los Angeles (NYP) Angels batting - Pitching for Vermont Lake Monsters : RHP Luis Restrepo
|
|
Batting: RHB Steve Hasson
|
0-0: Called Strike 0-1: Foul Ball, location: 2F 0-2: Foul Ball, location: 2F 0-2: Strikes out swinging
|
|
Batting: RHB Tsega Haida
|
0-0: Ball 1-0: Swinging Strike 1-1: Ground out 4-3 (Groundball, 4S, EV 77.5 MPH)
|
|
Batting: RHB Randy Grewe
|
0-0: Ball 1-0: Called Strike 1-1: Foul Ball, location: 2F 1-2: Ball 2-2: Foul Ball, location: 2F 2-2: Fly out, F9 (Line Drive, 9, EV 89.4 MPH)
|
| Top of the 9th over - 0 runs, 0 hits, 0 errors, 0 left on base; Los Angeles (NYP) 1 - Vermont 5 |
|